 Dungeon Crawl Stone Soup version 0.31-a0-237-g2d982f9f85 (webtiles) character file.

Game seed: 9540420504555169004

74 qw the Shooter (level 4, 0/36 HPs)
             Began as a Minotaur Hexslinger on July 11, 2023.
             Slain by a goblin
             ... wielding a +0 dagger
             ... led by Robin
              (5 damage)
             ... on level 2 of the Dungeon.
             The game lasted 00:00:24 (675 turns).

qw the Shooter (Minotaur Hexslinger)                 Turns: 675, Time: 00:00:24

Health: 0/36       AC:  2    Str: 12    XL:     4   Next: 10%
Magic:  4/4        EV: 12    Int: 10    God:
Gold:   97         SH:  0    Dex: 15    Spells: 4/5 levels left

rFire   . . .        Y - +1 sling
rCold   . . .        (no shield)
rNeg    . . .        c - +0 robe
rPois   .            (helmet restricted)
rElec   .            (no cloak)
rCorr   .            (no gloves)
SInv    .            (no boots)
Will    .....        (no amulet)
Stlth   +            (no ring)
HPRegen 0.26/turn    (no ring)
MPRegen 0.09/turn

%: no passive effects
@: no status effects
A: horns 2, retaliatory headbutt
a: no special abilities


You were on level 2 of the Dungeon.
You visited 1 branch of the dungeon, and saw 2 of its levels.

You collected 97 gold pieces.


Innate Abilities, Weirdness & Mutations

You have a pair of horns on your head.
You reflexively headbutt those who attack you in melee.


   Skills:
 - Level 2.0 Fighting
 + Level 4.6 Ranged Weapons
 - Level 2.1 Dodging
 - Level 1.0 Spellcasting
 - Level 2.0 Hexes


You had 4 spell levels left.
You knew the following spells:

 Your Spells              Type           Power      Damage    Failure   Level
a - Slow                  Hex            16%        N/A       16%         1

Your spell library contained the following spells:

 Spells                   Type           Power      Damage    Failure   Level
 Inner Flame              Hex/Fire       2%         N/A       56%         3
 Portal Projectile        Hex/Tloc       4%         N/A       56%         3
 Cause Fear               Hex            2%         N/A       83%         4

Inventory:

Hand Weapons
 Y - a +1 sling (weapon)
Armour
 c - a +0 robe (worn)
Jewellery
 a - a ring of protection from fire
Scrolls
 d - a scroll of fear {unknown}
 f - a scroll of identify {unknown}
 g - a scroll of silence {unknown}
Potions
 b - a potion of haste {unknown}
 e - a potion of lignification {unknown}

Dungeon Overview and Level Annotations

Branches:
Dungeon (2/15)

Altars:

Annotations:
D:2 Robin


Message History

The goblin unwields a +0 dagger.
The goblin wields a +1 sling of freezing.
It is covered in frost.
The goblin shoots a sling bullet.
The sling bullet completely misses you. The goblin barely misses you.
You shoot a sling bullet. The sling bullet hits the adder.
The adder is severely wounded.
You feel sick. The adder misses you. The adder bites you.
Robin roars a battlecry!
The goblins go into a battle-frenzy!
The goblin hits you with a +0 club.
You hear a shout!
You shoot a sling bullet. The sling bullet hits the adder!
You kill the adder!
You feel sick.
You are no longer poisoned.
The hobgoblin closely misses you. The goblin completely misses you.
You have reached level 4!
You feel agile.
You shoot a sling bullet.
The sling bullet barely misses the hobgoblin.
The sling bullet hits the hobgoblin but does no damage.
The hobgoblin hits you. The goblin closely misses you.
You shoot a sling bullet.
The sling bullet closely misses the hobgoblin.
The sling bullet hits the goblin!
You kill the goblin!
A goblin comes into view. It is wielding a +0 dagger.
The hobgoblin barely misses you. The goblin closely misses you.
The goblin shoots a sling bullet.
The sling bullet closely misses you.
You shoot a sling bullet.
The sling bullet hits the hobgoblin but does no damage.
An adder comes into view.
The hobgoblin hits you. Robin throws the goblin at you!
A goblin comes into view. It is wielding a +0 club.
The hobgoblin barely misses you. You furiously retaliate!
You headbutt the hobgoblin!
You kill the hobgoblin!
The goblin hits you with a +0 club.
The goblin unwields a +1 sling of freezing.
The goblin wields a +0 dagger.
The goblin hits you with a +0 dagger.
You die...

....#.# #.......#.....
....#.####..)....#.##...
........................#
....#..................S.
######..................
#..................
#...........#..<.gg
#...##.##..g.......
#...##..#.#@.g.....
######....g%gg.....
...##%#........
#####.#....|...
#.##....... #.# .......
... ....... .......


You could see Robin, an adder (wandering), a hobgoblin (strong) and 5 goblins.

Vanquished Creatures
  Terence (D:2)
  An adder (D:2)
  2 worms
  6 bats
  4 endoplasms (D:1)
  2 giant cockroaches
  7 goblins
  3 hobgoblins (D:2)
  A quokka (D:1)
  3 frilled lizards
  A kobold (D:1)
  A rat (D:1)
32 creatures vanquished.

Notes
Turn   | Place    | Note
-------+----------+-------------------------------------------
     0 | D:1      | qw the Minotaur Hexslinger began the quest for the Orb.
     0 | D:1      | Reached XP level 1. HP: 16/16 MP: 1/1
     0 | D:1      | 0 ||| qw: Version: 0.3-a-52-g30416fa
     0 | D:1      | 0 ||| qw: Game counter: 5581
     0 | D:1      | 0 ||| qw: Melee chars always use a shield: true
     0 | D:1      | 0 ||| qw: God list: Okawaru
     0 | D:1      | 0 ||| qw: Allow faded altars: false
     0 | D:1      | 0 ||| qw: Do Orc after clearing Dungeon:15 true
     0 | D:1      | 0 ||| qw: Do second Lair branch before Depths: true
     0 | D:1      | 0 ||| qw: Lair rune preference: random
     0 | D:1      | 0 ||| qw: Goals: Normal
     0 | D:1      | 0 ||| PLANNING D:1-11
    35 | D:1      | Reached skill level 3 in Ranged Weapons
    37 | D:1      | Reached XP level 2. HP: 23/23 MP: 2/2
   355 | D:1      | 355 ||| READING scroll labelled QUKKAU ICEAH.
   356 | D:1      | 356 ||| DROPPING scroll of poison.
   370 | D:2      | Noticed Terence
   377 | D:2      | 377 ||| STAIRDANCE
   446 | D:2      | 446 ||| STAIRDANCE
   474 | D:2      | 474 ||| STAIRDANCE
   517 | D:2      | Killed Terence
   518 | D:2      | Reached skill level 4 in Ranged Weapons
   518 | D:2      | Reached XP level 3. HP: 29/29 MP: 3/3
   669 | D:2      | Noticed Robin
   673 | D:2      | Reached XP level 4. HP: 15/36 MP: 4/4
   675 | D:2      | HP: 5/36 [goblin/+0 club[Robin] (5)]
   675 | D:2      | Slain by a goblin

Levels and vault maps discovered:
D:1:      co_arrival_hall_of_pillars, layout_rooms
D:2:      layout_rooms, serial_shops, nicolae_shop_rolling_square,
          nicolae_shop_advertising_works [nicolae_subvault_shop_adworks],
          minmay_split_cup_large, uniq_jessica, uniq_terence, uniq_robin

Skill      XL: |  1  2 |
---------------+-------+-----
Ranged Weapons | 3 4 |  4.6
Fighting       | 2 |  2.0
Dodging        | |  2.1
Spellcasting   | |  1.0
Hexes          | |  2.0

Action                     |  1- 3 |  4- 6 || total
---------------------------+-------+-------++-------
   Fire: Sling             |    96 |     3 ||    99
    Use: Scroll            |     1 |       ||     1
 Armour: Robe              |     8 |       ||     8
  Dodge: Dodged            |    25 |     5 ||    30

Table legend:
 A = Non-vault XP
 B = Vault XP
 C = Vault XP percentage of total XP
 D = Non-vault monster count
 E = Vault monster count
 F = Vault count percentage of total count
                 A         B        C        D         E       F
            +---------+---------+-------+---------+---------+-------
      Total |      67 |      42 |  38.5 |      28 |       4 |  12.5
            +---------+---------+-------+---------+---------+-------
        D:1 |      35 |       0 |   0.0 |      19 |       0 |   0.0
        D:2 |      32 |      42 |  56.8 |       9 |       4 |  30.8
            +---------+---------+-------+---------+---------+-------
